Blackhawks vs Nordiques
Created - March 27, 2018 at 19:00
Goals
|
| Blackhawks |
0 |
3 |
1 |
0 |
0 |
4 |
| Nordiques |
2 |
0 |
2 |
0 |
1 |
5 |
|
Shots
|
| Blackhawks |
10 |
16 |
11 |
1 |
3 |
38 |
| Nordiques |
9 |
13 |
16 |
2 |
2 |
40 |
|
1st period
1. Nordiques , Marek Svatos 29 (Fedor Tyutin 16, Daniel Briere 56) at 7:47
2. Nordiques , Vladimir Tarasenko 28 (Kyle Calder 15, Tim Connolly 59) at 10:14
Penalties :
Kyle Calder (Que) for Hooking (Minor) at 16:53
2nd period
3. Blackhawks , Joni Pitkanen 6 (Tomas Fleischmann 22, Tyler Kennedy 9) at 5:58
4. Blackhawks , Tomas Kaberle 1 (Denis Grebeshkov 16) at 13:20 (PP)
5. Blackhawks , Denis Grebeshkov 4 (Ryan Johansen 13, Spencer Machacek 1) at 19:06
Penalties :
Dustin Byfuglien (Que) for Hooking (Minor) at 1:10, Daniel Briere (Que) for High sticking (Minor) at 10:34, Matt Gilroy (Que) for Hooking (Minor) at 13:07, Paul Gaustad (Que) for Roughing (Minor) at 16:06
3rd period
6. Blackhawks , Antoine Roussel 20 (Derick Brassard 45) at 2:39 (PP)
7. Nordiques , Matt Moulson 16 (Dustin Byfuglien 16, Jean-Pierre Dumont 10) at 8:54
8. Nordiques , Jean-Pierre Dumont 11 (Matt Moulson 19, Paul Gaustad 10) at 11:46
Penalties :
Daniel Briere (Que) for Holding (Minor) at 2:33, Derick Brassard (Chi) for Hooking (Minor) at 5:31, Paul Gaustad (Que) for Hooking (Minor) at 17:08
Overtime #1
No Goal
Penalties :
No Penalty
Shootout
Penalty Shot by Derick Brassard for Blackhawks - Stopped by Jonathan Quick
Penalty Shot by Marek Svatos for Nordiques - Shot Misses the Net
Penalty Shot by Antoine Roussel for Blackhawks - Stopped by Jonathan Quick
Penalty Shot by Tim Connolly for Nordiques - Goal!
Penalty Shot by Peter Regin for Blackhawks - Stopped by Jonathan Quick
Penalties :
No Penalty
Goalie Stats
Jimmy Howard (Chi), 36 saves from 40 shots - (0.900), OTL, 21-29-11, 65:00 minutes
Jonathan Quick (Que), 34 saves from 38 shots - (0.895), W, 30-18-7, 65:00 minutes
Players Stats for Blackhawks
Player Name G A P +/- PIM S H SB GA TA FO MP PP MP PK MP
------------------------------------------------------------------------------------
Antoine Roussel 1 0 1 0 0 4 2 0 0 0 0/2 23:29 6:16 0:55
Chad Larose 0 0 0 0 0 2 2 0 0 0 0/0 20:14 6:16 0:00
Dalton Prout 0 0 0 0 0 0 0 0 0 0 0/0 13:04 0:00 0:00
Denis Grebeshkov 1 1 2 -1 0 2 2 1 2 1 0/0 20:56 3:27 0:54
Derick Brassard 0 1 1 0 2 2 1 3 1 0 25/38 26:21 6:16 0:00
Jaden Schwartz 0 0 0 0 0 0 0 0 0 0 0/0 6:31 0:00 0:44
Joni Pitkanen 1 0 1 -1 0 5 0 3 2 0 0/0 31:00 6:47 1:05
Kevin Marshall 0 0 0 0 0 0 0 2 0 0 0/0 13:04 0:00 0:00
Kyle Brodziak 0 0 0 0 0 0 0 0 0 0 1/2 4:12 0:00 0:53
Mike Green 0 0 0 -1 0 5 0 1 1 1 0/0 31:00 6:47 1:05
Peter Regin 0 0 0 0 0 7 1 0 2 1 6/15 19:59 3:58 0:30
Ryan Johansen 0 1 1 -2 0 3 1 1 1 0 2/6 15:00 0:00 0:36
Spencer Machacek 0 1 1 -2 0 1 0 0 0 0 0/1 13:27 0:00 0:00
Steve Ott 0 0 0 0 0 0 0 0 0 0 3/4 4:57 0:00 0:00
Taylor Pyatt 0 0 0 -2 0 1 2 1 0 0 0/1 15:24 0:00 0:20
Tomas Fleischmann 0 1 1 0 0 3 4 1 2 1 0/0 19:29 3:58 0:00
Tomas Kaberle 1 0 1 -1 0 1 1 2 0 0 0/0 20:56 3:27 0:54
Tyler Kennedy 0 1 1 0 0 2 3 1 1 0 0/0 18:57 3:58 0:00
Players Stats for Nordiques
Player Name G A P +/- PIM S H SB GA TA FO MP PP MP PK MP
------------------------------------------------------------------------------------
Daniel Briere 0 1 1 1 4 4 1 0 0 0 14/31 19:06 1:01 0:27
Dustin Byfuglien 0 1 1 0 2 3 1 1 2 0 0/0 23:21 0:44 3:12
Fedor Tyutin 0 1 1 2 0 4 2 1 0 0 0/0 29:16 1:15 6:17
Jean-Pierre Dumont 1 1 2 2 0 3 0 2 0 1 0/0 10:31 0:04 0:00
Kyle Calder 0 1 1 0 2 3 2 1 1 0 0/0 15:20 0:54 0:56
Marek Svatos 1 0 1 1 0 6 1 0 0 0 4/10 23:26 1:01 5:52
Mark Eaton 0 0 0 0 0 2 0 1 0 2 0/0 23:59 0:44 3:57
Matt Gilroy 0 0 0 0 2 1 1 0 0 0 0/0 11:44 0:00 0:00
Matt Moulson 1 1 2 2 0 3 1 0 0 0 0/0 11:13 0:04 0:34
Michael Ryder 0 0 0 -1 0 0 1 0 1 0 0/0 9:19 0:00 0:00
Nikolai Kulemin 0 0 0 -1 0 1 0 0 0 1 0/0 9:19 0:00 0:00
Paul Gaustad 0 1 1 2 4 1 1 0 0 1 7/11 11:27 0:04 0:43
R.J. Umberger 0 0 0 1 0 3 1 0 0 0 1/1 20:54 1:01 3:12
Rich Peverley 0 0 0 -1 0 1 1 0 0 0 0/3 9:19 0:00 0:00
Ryan Ellis 0 0 0 2 0 3 2 2 0 4 0/0 29:16 1:15 6:17
T.J. Fast 0 0 0 0 0 0 1 1 0 2 0/0 12:30 0:00 0:45
Tim Connolly 0 1 1 0 0 0 0 0 0 1 4/10 21:25 0:54 5:32
Vladimir Tarasenko 1 0 1 0 0 2 0 0 0 0 2/3 18:14 0:54 3:12
3 Stars
1 - Matt Moulson (Que)
2 - Jean-Pierre Dumont (Que)
3 - Marek Svatos (Que)
Power Play
Blackhawks - 2 on 7 Attempt(s) - 28.57%
Nordiques - 0 on 1 Attempt(s) - 0.00%
Penalty Kill
Blackhawks - 1 on 1 Attempt(s) - 100.00%
- Score 0 goal in Penalty Kill
Nordiques - 5 on 7 Attempt(s) - 71.43%
- Score 0 goal in Penalty Kill
Team Stat
Blackhawks - Hits : 19 - Faceoff Wins : 37 - Blocked Shots : 16 - Penalty Minutes : 2
Nordiques - Hits : 16 - Faceoff Wins : 32 - Blocked Shots : 9 - Penalty Minutes : 14
Official
Referees : Banfield David and LaRue Dennis
Linesman : Derek Amell and Steve Miller
Game Notes
19:57 of 1st period - Nordiques goal is going for a video replay. After video review, No Goal. The puck has been directed, batted or thrown into the net by an attacking player other than with a stick.
Finance
Level 1 -- Attendance: 3647 (60.78%) -- Ticket Income $382,935
Level 2 -- Attendance: 3018 (60.36%) -- Ticket Income $196,170
Level 3 -- Attendance: 1358 (67.90%) -- Ticket Income $62,468
Level 4 -- Attendance: 2385 (59.63%) -- Ticket Income $83,475
Luxury Box -- Attendance: 708 (70.80%) -- Ticket Income $116,820
Game was played at the Centre Videotron.
Total Attendance: 11116 (61.76%)
Total Ticket Income: $841,868
Other Income: $126,280
Total Income: $968,148
Blackhawks
5 vs 5 Forward
Center Left Wing Right Wing Time % Phy DF OF
1 Derick Brassard Antoine Roussel Chad Larose 40 1 2 2
2 Peter Regin Tomas Fleischmann Tyler Kennedy 30 1 2 2
3 Ryan Johansen Taylor Pyatt Spencer Machacek 20 1 2 2
4 Steve Ott Jaden Schwartz Derick Brassard 10 1 2 2
5 vs 5 Defense
Defense Defense Time % Phy DF OF
1 Mike Green Joni Pitkanen 40 1 2 2
2 Denis Grebeshkov Tomas Kaberle 30 1 2 2
3 Dalton Prout Kevin Marshall 20 1 2 2
4 Mike Green Joni Pitkanen 10 1 2 2
PowerPlay Forward
Center Left Wing Right Wing Time % Phy DF OF
1 Derick Brassard Antoine Roussel Chad Larose 60 1 2 2
2 Peter Regin Tomas Fleischmann Tyler Kennedy 40 1 2 2
PowerPlay Defense
Defense Defense Time % Phy DF OF
1 Mike Green Joni Pitkanen 60 1 2 2
2 Denis Grebeshkov Tomas Kaberle 40 1 2 2
Penalty Kill 4 Players Forward
Center Wing Time % Phy DF OF
1 Derick Brassard Antoine Roussel 60 1 2 2
2 Peter Regin Tomas Fleischmann 40 1 2 2
Penalty Kill 4 Players Defense
Defense Defense Time % Phy DF OF
1 Mike Green Joni Pitkanen 60 1 2 2
2 Denis Grebeshkov Tomas Kaberle 40 1 2 2
Penalty Kill - 3 Players Forward
Forward Time % Phy DF OF
1 Derick Brassard 60 1 2 2
2 Antoine Roussel 40 1 2 2
Penalty Kill - 3 Players Defense
Defense Defense Time % Phy DF OF
1 Mike Green Joni Pitkanen 60 1 2 2
2 Denis Grebeshkov Tomas Kaberle 40 1 2 2
4 vs 4 Forward
Center Wing Time % Phy DF OF
1 Derick Brassard Antoine Roussel 60 1 2 2
2 Peter Regin Tomas Fleischmann 40 1 2 2
4 vs 4 Defense
Defense Defense Time % Phy DF OF
1 Mike Green Joni Pitkanen 60 1 2 2
2 Denis Grebeshkov Tomas Kaberle 40 1 2 2
Last Minutes Offensive
Center Left Wing Right Wing Defense Defense
Derick Brassard Antoine Roussel Chad Larose Mike Green Joni Pitkanen
Last Minutes Defensive
Center Left Wing Right Wing Defense Defense
Derick Brassard Antoine Roussel Chad Larose Mike Green Joni Pitkanen
Goaltenders
Starting : Jimmy Howard
Backup : Al Montoya
Extra Forwards
Normal : Kyle Brodziak, Taylor Pyatt, Ryan Johansen - PP : Kyle Brodziak, Taylor Pyatt - PK : Ryan Johansen
Extra Defensemen
Normal : Dalton Prout, Kevin Marshall, Denis Grebeshkov - PP : Dalton Prout - PK : Kevin Marshall, Denis Grebeshkov
Penalty Shots
Derick Brassard, Antoine Roussel, Peter Regin, Tomas Fleischmann, Chad Larose
Scratches
Ladislav Smid (Lower Body Injury)
Nordiques
5 vs 5 Forward
Center Left Wing Right Wing Time % Phy DF OF
1 Daniel Briere R.J. Umberger Marek Svatos 40 1 1 3
2 Tim Connolly Kyle Calder Vladimir Tarasenko 30 1 1 3
3 Paul Gaustad Matt Moulson Jean-Pierre Dumont 20 1 1 3
4 Rich Peverley Nikolai Kulemin Michael Ryder 10 1 1 3
5 vs 5 Defense
Defense Defense Time % Phy DF OF
1 Fedor Tyutin Ryan Ellis 40 1 3 1
2 Dustin Byfuglien Mark Eaton 30 1 3 1
3 T.J. Fast Matt Gilroy 20 1 3 1
4 Fedor Tyutin Ryan Ellis 10 1 3 1
PowerPlay Forward
Center Left Wing Right Wing Time % Phy DF OF
1 Daniel Briere R.J. Umberger Marek Svatos 60 0 0 5
2 Tim Connolly Kyle Calder Vladimir Tarasenko 40 0 0 5
PowerPlay Defense
Defense Defense Time % Phy DF OF
1 Fedor Tyutin Ryan Ellis 60 0 2 3
2 Dustin Byfuglien Mark Eaton 40 0 2 3
Penalty Kill 4 Players Forward
Center Wing Time % Phy DF OF
1 Marek Svatos Tim Connolly 60 1 4 0
2 Vladimir Tarasenko R.J. Umberger 40 1 4 0
Penalty Kill 4 Players Defense
Defense Defense Time % Phy DF OF
1 Fedor Tyutin Ryan Ellis 60 2 3 0
2 Dustin Byfuglien Mark Eaton 40 2 3 0
Penalty Kill - 3 Players Forward
Forward Time % Phy DF OF
1 Marek Svatos 60 0 5 0
2 Tim Connolly 40 0 5 0
Penalty Kill - 3 Players Defense
Defense Defense Time % Phy DF OF
1 Fedor Tyutin Ryan Ellis 60 1 4 0
2 Dustin Byfuglien Mark Eaton 40 1 4 0
4 vs 4 Forward
Center Wing Time % Phy DF OF
1 Daniel Briere Tim Connolly 60 1 1 3
2 Vladimir Tarasenko R.J. Umberger 40 1 1 3
4 vs 4 Defense
Defense Defense Time % Phy DF OF
1 Fedor Tyutin Ryan Ellis 60 1 3 1
2 Dustin Byfuglien Mark Eaton 40 1 3 1
Last Minutes Offensive
Center Left Wing Right Wing Defense Defense
Daniel Briere R.J. Umberger Marek Svatos Fedor Tyutin Ryan Ellis
Last Minutes Defensive
Center Left Wing Right Wing Defense Defense
Tim Connolly R.J. Umberger Marek Svatos Fedor Tyutin Ryan Ellis
Goaltenders
Starting : Jonathan Quick
Backup : Julien Ellis
Extra Forwards
Normal : Vladimir Tarasenko, R.J. Umberger, Marek Svatos - PP : Vladimir Tarasenko, R.J. Umberger - PK : Paul Gaustad
Extra Defensemen
Normal : Ryan Ellis, Fedor Tyutin, Dustin Byfuglien - PP : Ryan Ellis - PK : Mark Eaton, T.J. Fast
Penalty Shots
Marek Svatos, Tim Connolly, Vladimir Tarasenko, R.J. Umberger, Daniel Briere
Scratches
Bruno Gervais (Broken Left Foot Toe Injury)
% Time on Ice - Blackhawks
Lines # - Real PCT - Wanted PCT - Time Play
Normal Forward
1 - 31% - 40% - 14:54
2 - 30% - 30% - 14:30
3 - 28% - 20% - 13:26
4 - 10% - 10% - 4:57
Normal Defense
1 - 39% - 40% - 18:39
2 - 29% - 30% - 14:02
3 - 27% - 20% - 13:04
4 - 4% - 10% - 2:02
PP Forward
1 - 61% - 60% - 6:16
2 - 39% - 40% - 3:58
PP Defense
1 - 66% - 60% - 6:47
2 - 34% - 40% - 3:27
PK Forward
1 - 100% - 60% - 1:59
2 - 0% - 40% - 0:00
PK Defense
1 - 55% - 60% - 1:05
2 - 45% - 40% - 0:54
PK3 Forward
1 - 0% - 60%
2 - 0% - 40%
PK3 Defense
1 - 0% - 60%
2 - 0% - 40%
44 Forward
1 - 80% - 60% - 3:59
2 - 20% - 40% - 1:01
44 Defense
1 - 49% - 60% - 2:27
2 - 51% - 40% - 2:33
Last Minute Offensive - 0:00
Last Minute Defensive - 0:00
Total
Forward - 65:00
Defense - 65:00
|
% Time on Ice - Nordiques
Lines # - Real PCT - Wanted PCT - Time Play
Normal Forward
1 - 36% - 40% - 16:58
2 - 26% - 30% - 12:27
3 - 19% - 20% - 9:03
4 - 19% - 10% - 9:19
Normal Defense
1 - 37% - 40% - 17:33
2 - 36% - 30% - 17:09
3 - 25% - 20% - 11:45
4 - 3% - 10% - 1:20
PP Forward
1 - 55% - 60% - 1:05
2 - 45% - 40% - 0:54
PP Defense
1 - 63% - 60% - 1:15
2 - 37% - 40% - 0:44
PK Forward
1 - 69% - 60% - 7:02
2 - 31% - 40% - 3:12
PK Defense
1 - 61% - 60% - 6:17
2 - 39% - 40% - 3:57
PK3 Forward
1 - 0% - 60%
2 - 0% - 40%
PK3 Defense
1 - 0% - 60%
2 - 0% - 40%
44 Forward
1 - 88% - 60% - 4:23
2 - 12% - 40% - 0:37
44 Defense
1 - 57% - 60% - 2:51
2 - 43% - 40% - 2:09
Last Minute Offensive - 0:00
Last Minute Defensive - 0:00
Total
Forward - 65:00
Defense - 65:00
|
Play by Play
1st period
0:01 of 1st period - Daniel Briere wins face-off versus Derick Brassard in neutral zone.
0:04 of 1st period - Antoine Roussel is hit by Fedor Tyutin and loses puck.
0:29 of 1st period - Off-side.
0:30 of 1st period - Peter Regin wins face-off versus Paul Gaustad in neutral zone.
0:45 of 1st period - Snap shot by Peter Regin.
0:45 of 1st period - Shot Misses the Net.
0:47 of 1st period - Slapshot by Tomas Kaberle.
0:47 of 1st period - Shot Blocked by Jean-Pierre Dumont.
1:13 of 1st period - Backhand shot by Peter Regin.
1:13 of 1st period - Stopped by Jonathan Quick with a rebound.
1:15 of 1st period - Slapshot by Tomas Fleischmann.
1:15 of 1st period - Shot Blocked by Jean-Pierre Dumont.
1:23 of 1st period - Wrist shot by Peter Regin.
1:23 of 1st period - Stopped by Jonathan Quick with a rebound.
1:27 of 1st period - Wrist shot by Peter Regin.
1:27 of 1st period - Stopped by Jonathan Quick with a rebound.
1:33 of 1st period - Snap shot by Peter Regin.
1:33 of 1st period - Stopped by Jonathan Quick with a rebound.
1:53 of 1st period - Snap shot by Matt Moulson.
1:53 of 1st period - Stopped by Jimmy Howard with a rebound.
1:55 of 1st period - Slapshot by Mark Eaton.
1:55 of 1st period - Stopped by Jimmy Howard without a rebound.
1:56 of 1st period - Derick Brassard wins face-off versus Daniel Briere in Blackhawks zone.
2:03 of 1st period - Snap shot by Mike Green.
2:03 of 1st period - Deflect By T.J. Fast.
2:03 of 1st period - Stopped by Jonathan Quick with a rebound.
2:21 of 1st period - Mike Green is hit by Kyle Calder and loses puck.
2:30 of 1st period - Snap shot by Vladimir Tarasenko.
2:30 of 1st period - Shot Misses the Net.
3:28 of 1st period - Wrist shot by Chad Larose.
3:28 of 1st period - Shot Misses the Net.
4:44 of 1st period - Mark Eaton is hit by Tomas Fleischmann and loses puck.
5:19 of 1st period - Snap shot by Jaden Schwartz.
5:19 of 1st period - Deflect By Steve Ott.
5:19 of 1st period - Shot Misses the Net.
5:19 of 1st period - Puck is out of play.
5:20 of 1st period - Steve Ott wins face-off versus Tim Connolly in Nordiques zone.
5:21 of 1st period - Slapshot by Mike Green.
5:21 of 1st period - Shot Blocked by Kyle Calder.
5:50 of 1st period - Wrist shot by Ryan Johansen.
5:50 of 1st period - Shot Misses the Net.
6:35 of 1st period - Snap shot by Daniel Briere.
6:35 of 1st period - Shot Blocked by Derick Brassard.
7:33 of 1st period - Snap shot by Marek Svatos.
7:33 of 1st period - Stopped by Jimmy Howard with a rebound.
7:35 of 1st period - Snap shot by Daniel Briere.
7:35 of 1st period - Shot Misses the Net.
7:37 of 1st period - Backhand shot by Daniel Briere.
7:37 of 1st period - Shot Blocked by Taylor Pyatt.
7:39 of 1st period - Slapshot by R.J. Umberger.
7:39 of 1st period - Shot Misses the Net.
7:41 of 1st period - Slapshot by Daniel Briere.
7:41 of 1st period - Shot Blocked by Tomas Kaberle.
7:43 of 1st period - Snap shot by Marek Svatos.
7:43 of 1st period - Stopped by Jimmy Howard with a rebound.
7:45 of 1st period - Slapshot by Fedor Tyutin.
7:45 of 1st period - Deflect By Denis Grebeshkov.
7:45 of 1st period - Stopped by Jimmy Howard with a rebound.
7:47 of 1st period - Snap shot by Marek Svatos.
7:47 of 1st period - Goal by Marek Svatos - Blackhawks : 0 - Nordiques : 1.
7:48 of 1st period - Derick Brassard wins face-off versus Tim Connolly in neutral zone.
7:59 of 1st period - Slapshot by Antoine Roussel.
7:59 of 1st period - Deflect By Vladimir Tarasenko.
7:59 of 1st period - Stopped by Jonathan Quick with a rebound.
8:01 of 1st period - Snap shot by Antoine Roussel.
8:01 of 1st period - Shot Misses the Net.
8:03 of 1st period - Wrist shot by Antoine Roussel.
8:03 of 1st period - Stopped by Jonathan Quick without a rebound.
8:04 of 1st period - Derick Brassard wins face-off versus Tim Connolly in Nordiques zone.
8:05 of 1st period - Wrist shot by Antoine Roussel.
8:05 of 1st period - Shot Misses the Net.
8:20 of 1st period - Mark Eaton is hit by Derick Brassard and loses puck.
9:22 of 1st period - Wrist shot by Marek Svatos.
9:22 of 1st period - Shot Blocked by Derick Brassard.
9:32 of 1st period - Slapshot by Denis Grebeshkov.
9:32 of 1st period - Deflect By Peter Regin.
9:32 of 1st period - Stopped by Jonathan Quick with a rebound.
10:14 of 1st period - Wrist shot by Vladimir Tarasenko.
10:14 of 1st period - Goal by Vladimir Tarasenko - Blackhawks : 0 - Nordiques : 2.
10:15 of 1st period - Derick Brassard wins face-off versus Daniel Briere in neutral zone.
10:30 of 1st period - Slapshot by Antoine Roussel.
10:30 of 1st period - Shot Blocked by T.J. Fast.
10:32 of 1st period - Backhand shot by Chad Larose.
10:32 of 1st period - Shot Misses the Net.
11:14 of 1st period - Snap shot by Matt Moulson.
11:14 of 1st period - Shot Blocked by Kevin Marshall.
11:48 of 1st period - Backhand shot by Rich Peverley.
11:48 of 1st period - Shot Misses the Net.
11:56 of 1st period - Wrist shot by Rich Peverley.
11:56 of 1st period - Stopped by Jimmy Howard without a rebound.
11:57 of 1st period - Tim Connolly wins face-off versus Peter Regin in Blackhawks zone.
12:22 of 1st period - Chad Larose is hit by Ryan Ellis and loses puck.
13:03 of 1st period - Rich Peverley is hit by Peter Regin and loses puck.
13:12 of 1st period - Tyler Kennedy is hit by Ryan Ellis and loses puck.
13:22 of 1st period - Off-side.
13:23 of 1st period - Daniel Briere wins face-off versus Steve Ott in neutral zone.
13:50 of 1st period - Kyle Calder is hit by Tomas Fleischmann and loses puck.
13:58 of 1st period - Off-side.
13:59 of 1st period - Derick Brassard wins face-off versus Daniel Briere in neutral zone.
15:51 of 1st period - Snap shot by Michael Ryder.
15:51 of 1st period - Shot Blocked by Tomas Fleischmann.
16:31 of 1st period - Slapshot by Joni Pitkanen.
16:31 of 1st period - Shot Misses the Net.
16:33 of 1st period - Snap shot by Antoine Roussel.
16:33 of 1st period - Deflect By Derick Brassard.
16:33 of 1st period - Stopped by Jonathan Quick without a rebound.
16:34 of 1st period - Tim Connolly wins face-off versus Derick Brassard in Nordiques zone.
16:53 of 1st period - Minor Penalty to Kyle Calder for Hooking.
16:54 of 1st period - Derick Brassard wins face-off versus Tim Connolly in Nordiques zone.
16:57 of 1st period - Wrist shot by Derick Brassard.
16:57 of 1st period - Stopped by Jonathan Quick with a rebound.
17:21 of 1st period - Fedor Tyutin is hit by Tomas Fleischmann and loses puck.
18:49 of 1st period - Chad Larose is hit by Matt Moulson and loses puck.
18:53 of 1st period - Penalty to Kyle Calder is over, Kyle Calder is back on ice.
19:55 of 1st period - Slapshot by Jean-Pierre Dumont.
19:55 of 1st period - Shot Blocked by Joni Pitkanen.
19:57 of 1st period - Slapshot by Dustin Byfuglien.
19:57 of 1st period - Nordiques goal is going for a video replay.
19:57 of 1st period - The goal is refused. The puck has been directed, batted or thrown into the net by an attacking player other than with a stick..
19:58 of 1st period - Paul Gaustad wins face-off versus Peter Regin in Blackhawks zone.
Goals for this period are 0 for Blackhawks vs 2 for Nordiques.
Shots for this period are 10 for Blackhawks vs 9 for Nordiques.
2nd period
0:01 of 2nd period - Daniel Briere wins face-off versus Derick Brassard in neutral zone.
0:27 of 2nd period - Peter Regin is hit by Paul Gaustad and loses puck.
0:48 of 2nd period - Off-side.
0:49 of 2nd period - Tim Connolly wins face-off versus Spencer Machacek in neutral zone.
1:10 of 2nd period - Minor Penalty to Dustin Byfuglien for Hooking.
1:11 of 2nd period - Marek Svatos wins face-off versus Derick Brassard in Nordiques zone.
1:11 of 2nd period - Marek Svatos is hit by Antoine Roussel.
1:21 of 2nd period - Slapshot by Mike Green.
1:21 of 2nd period - Stopped by Jonathan Quick without a rebound.
1:22 of 2nd period - Derick Brassard wins face-off versus Marek Svatos in Nordiques zone.
1:55 of 2nd period - Slapshot by Peter Regin.
1:55 of 2nd period - Stopped by Jonathan Quick without a rebound.
1:56 of 2nd period - Vladimir Tarasenko wins face-off versus Antoine Roussel in Nordiques zone.
2:01 of 2nd period - Wrist shot by R.J. Umberger.
2:01 of 2nd period - Stopped by Jimmy Howard with a rebound.
3:10 of 2nd period - Penalty to Dustin Byfuglien is over, Dustin Byfuglien is back on ice.
3:22 of 2nd period - Off-side.
3:23 of 2nd period - Paul Gaustad wins face-off versus Taylor Pyatt in neutral zone.
3:30 of 2nd period - Snap shot by Jean-Pierre Dumont.
3:30 of 2nd period - Shot Misses the Net.
3:32 of 2nd period - Wrist shot by Matt Moulson.
3:32 of 2nd period - Stopped by Jimmy Howard with a rebound.
3:34 of 2nd period - Slapshot by Matt Gilroy.
3:34 of 2nd period - Stopped by Jimmy Howard with a rebound.
3:36 of 2nd period - Wrist shot by Matt Moulson.
3:36 of 2nd period - Shot Misses the Net.
3:38 of 2nd period - Snap shot by T.J. Fast.
3:38 of 2nd period - Shot Blocked by Ryan Johansen.
4:17 of 2nd period - Snap shot by Derick Brassard.
4:17 of 2nd period - Deflect By Chad Larose.
4:17 of 2nd period - Stopped by Jonathan Quick with a rebound.
4:33 of 2nd period - Chad Larose is hit by Fedor Tyutin and loses puck.
5:08 of 2nd period - Snap shot by Tyler Kennedy.
5:08 of 2nd period - Deflect By Tomas Fleischmann.
5:08 of 2nd period - Stopped by Jonathan Quick with a rebound.
5:10 of 2nd period - Snap shot by Tomas Fleischmann.
5:10 of 2nd period - Stopped by Jonathan Quick without a rebound.
5:11 of 2nd period - Marek Svatos wins face-off versus Peter Regin in Nordiques zone.
5:20 of 2nd period - Snap shot by Marek Svatos.
5:20 of 2nd period - Stopped by Jimmy Howard without a rebound.
5:21 of 2nd period - Derick Brassard wins face-off versus Daniel Briere in Blackhawks zone.
5:54 of 2nd period - Snap shot by Tyler Kennedy.
5:54 of 2nd period - Stopped by Jonathan Quick with a rebound.
5:56 of 2nd period - Snap shot by Tomas Fleischmann.
5:56 of 2nd period - Stopped by Jonathan Quick with a rebound.
5:58 of 2nd period - Snap shot by Joni Pitkanen.
5:58 of 2nd period - Goal by Joni Pitkanen - Blackhawks : 1 - Nordiques : 2.
5:59 of 2nd period - Derick Brassard wins face-off versus Daniel Briere in neutral zone.
7:05 of 2nd period - Ryan Ellis is hit by Denis Grebeshkov and loses puck.
7:29 of 2nd period - Slapshot by Marek Svatos.
7:29 of 2nd period - Stopped by Jimmy Howard with a rebound.
7:31 of 2nd period - Slapshot by Ryan Ellis.
7:31 of 2nd period - Shot Blocked by Kevin Marshall.
7:35 of 2nd period - Snap shot by Marek Svatos.
7:35 of 2nd period - Stopped by Jimmy Howard without a rebound.
7:36 of 2nd period - Derick Brassard wins face-off versus Tim Connolly in Blackhawks zone.
7:36 of 2nd period - Derick Brassard is hit by Kyle Calder.
7:48 of 2nd period - Snap shot by Derick Brassard.
7:48 of 2nd period - Shot Blocked by Mark Eaton.
7:50 of 2nd period - Slapshot by Joni Pitkanen.
7:50 of 2nd period - Stopped by Jonathan Quick with a rebound.
7:52 of 2nd period - Slapshot by Chad Larose.
7:52 of 2nd period - Shot Misses the Net.
8:49 of 2nd period - T.J. Fast is hit by Antoine Roussel and loses puck.
9:18 of 2nd period - Tyler Kennedy is hit by Rich Peverley and loses puck.
9:44 of 2nd period - Slapshot by Ryan Ellis.
9:44 of 2nd period - Stopped by Jimmy Howard with a rebound.
9:46 of 2nd period - Slapshot by Fedor Tyutin.
9:46 of 2nd period - Stopped by Jimmy Howard with a rebound.
9:48 of 2nd period - Slapshot by Fedor Tyutin.
9:48 of 2nd period - Stopped by Jimmy Howard with a rebound.
9:50 of 2nd period - Slapshot by Fedor Tyutin.
9:50 of 2nd period - Stopped by Jimmy Howard without a rebound.
9:51 of 2nd period - Peter Regin wins face-off versus Daniel Briere in Blackhawks zone.
9:56 of 2nd period - Slapshot by Mike Green.
9:56 of 2nd period - Stopped by Jonathan Quick without a rebound.
9:57 of 2nd period - Peter Regin wins face-off versus Daniel Briere in Nordiques zone.
9:58 of 2nd period - Snap shot by Tomas Fleischmann.
9:58 of 2nd period - Shot Misses the Net.
10:00 of 2nd period - Snap shot by Tyler Kennedy.
10:00 of 2nd period - Deflect By Peter Regin.
10:00 of 2nd period - Stopped by Jonathan Quick without a rebound.
10:01 of 2nd period - Peter Regin wins face-off versus Daniel Briere in Nordiques zone.
10:17 of 2nd period - Slapshot by Tyler Kennedy.
10:17 of 2nd period - Deflect By Tomas Fleischmann.
10:17 of 2nd period - Shot Misses the Net.
10:17 of 2nd period - Puck is out of play.
10:18 of 2nd period - Derick Brassard wins face-off versus Tim Connolly in Nordiques zone.
10:27 of 2nd period - Snap shot by Antoine Roussel.
10:27 of 2nd period - Shot Blocked by Ryan Ellis.
10:29 of 2nd period - Snap shot by Chad Larose.
10:29 of 2nd period - Shot Misses the Net.
10:31 of 2nd period - Slapshot by Joni Pitkanen.
10:31 of 2nd period - Deflect By Antoine Roussel.
10:31 of 2nd period - Shot Misses the Net.
10:31 of 2nd period - Puck is out of play.
10:32 of 2nd period - Daniel Briere wins face-off versus Derick Brassard in Nordiques zone.
10:34 of 2nd period - Minor Penalty to Daniel Briere for High sticking.
10:35 of 2nd period - Derick Brassard wins face-off versus Marek Svatos in Nordiques zone.
11:14 of 2nd period - Slapshot by Tyler Kennedy.
11:14 of 2nd period - Stopped by Jonathan Quick without a rebound.
11:15 of 2nd period - Vladimir Tarasenko wins face-off versus Peter Regin in Nordiques zone.
11:41 of 2nd period - Snap shot by Antoine Roussel.
11:41 of 2nd period - Shot Misses the Net.
11:59 of 2nd period - Marek Svatos is hit by Tyler Kennedy and loses puck.
12:34 of 2nd period - Penalty to Daniel Briere is over, Daniel Briere is back on ice.
13:07 of 2nd period - Minor Penalty to Matt Gilroy for Hooking.
13:08 of 2nd period - Marek Svatos wins face-off versus Peter Regin in Nordiques zone.
13:16 of 2nd period - Slapshot by Tomas Kaberle.
13:16 of 2nd period - Shot Blocked by Fedor Tyutin.
13:18 of 2nd period - Slapshot by Tomas Kaberle.
13:18 of 2nd period - Shot Misses the Net.
13:20 of 2nd period - Slapshot by Tomas Kaberle.
13:20 of 2nd period - Goal by Tomas Kaberle - Blackhawks : 2 - Nordiques : 2.
13:21 of 2nd period - Daniel Briere wins face-off versus Derick Brassard in neutral zone.
13:23 of 2nd period - Off-side.
13:24 of 2nd period - Derick Brassard wins face-off versus Daniel Briere in neutral zone.
13:31 of 2nd period - Snap shot by Mike Green.
13:31 of 2nd period - Stopped by Jonathan Quick without a rebound.
13:32 of 2nd period - Derick Brassard wins face-off versus Daniel Briere in Nordiques zone.
13:39 of 2nd period - Fedor Tyutin is hit by Chad Larose and loses puck.
15:33 of 2nd period - Backhand shot by Dustin Byfuglien.
15:33 of 2nd period - Shot Misses the Net.
15:35 of 2nd period - Slapshot by Dustin Byfuglien.
15:35 of 2nd period - Stopped by Jimmy Howard without a rebound.
15:36 of 2nd period - Daniel Briere wins face-off versus Peter Regin in Blackhawks zone.
15:58 of 2nd period - Icing by Tomas Kaberle.
15:59 of 2nd period - Ryan Johansen wins face-off versus Paul Gaustad in Blackhawks zone.
15:59 of 2nd period - Ryan Johansen is hit by Matt Gilroy.
16:06 of 2nd period - Minor Penalty to Paul Gaustad for Roughing.
16:07 of 2nd period - Derick Brassard wins face-off versus Marek Svatos in Nordiques zone.
16:10 of 2nd period - Slapshot by Chad Larose.
16:10 of 2nd period - Deflect By Antoine Roussel.
16:10 of 2nd period - Shot Misses the Net.
16:10 of 2nd period - Puck is out of play.
16:11 of 2nd period - Derick Brassard wins face-off versus Marek Svatos in Nordiques zone.
17:39 of 2nd period - Backhand shot by Dustin Byfuglien.
17:39 of 2nd period - Deflect By Vladimir Tarasenko.
17:39 of 2nd period - Shot Blocked by Tyler Kennedy.
17:39 of 2nd period - Puck is out of play.
17:40 of 2nd period - Peter Regin wins face-off versus Vladimir Tarasenko in Blackhawks zone.
18:03 of 2nd period - Slapshot by R.J. Umberger.
18:03 of 2nd period - Stopped by Jimmy Howard with a rebound.
18:05 of 2nd period - Slapshot by Mark Eaton.
18:05 of 2nd period - Deflect By Derick Brassard.
18:05 of 2nd period - Stopped by Jimmy Howard without a rebound.
18:06 of 2nd period - Penalty to Paul Gaustad is over, Paul Gaustad is back on ice.
18:06 of 2nd period - Derick Brassard wins face-off versus Paul Gaustad in Blackhawks zone.
18:20 of 2nd period - Off-side.
18:21 of 2nd period - Ryan Johansen wins face-off versus Rich Peverley in neutral zone.
18:51 of 2nd period - Ryan Ellis is hit by Taylor Pyatt and loses puck.
19:04 of 2nd period - Wrist shot by Ryan Johansen.
19:04 of 2nd period - Deflect By Ryan Ellis.
19:04 of 2nd period - Stopped by Jonathan Quick with a rebound.
19:06 of 2nd period - Slapshot by Denis Grebeshkov.
19:06 of 2nd period - Goal by Denis Grebeshkov - Blackhawks : 3 - Nordiques : 2.
19:07 of 2nd period - Daniel Briere wins face-off versus Derick Brassard in neutral zone.
19:14 of 2nd period - Wrist shot by Marek Svatos.
19:14 of 2nd period - Shot Blocked by Derick Brassard.
19:16 of 2nd period - Slapshot by Mark Eaton.
19:16 of 2nd period - Shot Misses the Net.
19:18 of 2nd period - Snap shot by Marek Svatos.
19:18 of 2nd period - Shot Misses the Net.
19:20 of 2nd period - Slapshot by Dustin Byfuglien.
19:20 of 2nd period - Shot Blocked by Joni Pitkanen.
19:22 of 2nd period - Slapshot by Marek Svatos.
19:22 of 2nd period - Shot Blocked by Mike Green.
19:57 of 2nd period - Wrist shot by Michael Ryder.
19:57 of 2nd period - Deflect By Nikolai Kulemin.
19:57 of 2nd period - Shot Blocked by Denis Grebeshkov.
19:57 of 2nd period - Puck is out of play.
19:58 of 2nd period - Derick Brassard wins face-off versus Rich Peverley in Blackhawks zone.
Goals for this period are 3 for Blackhawks vs 0 for Nordiques.
Shots for this period are 16 for Blackhawks vs 13 for Nordiques.
3rd period
0:01 of 3rd period - Daniel Briere wins face-off versus Antoine Roussel in neutral zone.
0:06 of 3rd period - Wrist shot by Marek Svatos.
0:06 of 3rd period - Shot Misses the Net.
0:09 of 3rd period - Icing by Chad Larose.
0:10 of 3rd period - Daniel Briere wins face-off versus Derick Brassard in Blackhawks zone.
0:36 of 3rd period - Off-side.
0:37 of 3rd period - Tim Connolly wins face-off versus Peter Regin in neutral zone.
0:48 of 3rd period - Slapshot by Kyle Calder.
0:48 of 3rd period - Stopped by Jimmy Howard with a rebound.
0:53 of 3rd period - Off-side.
0:54 of 3rd period - Derick Brassard wins face-off versus Daniel Briere in neutral zone.
1:04 of 3rd period - Snap shot by Daniel Briere.
1:04 of 3rd period - Stopped by Jimmy Howard without a rebound.
1:05 of 3rd period - Daniel Briere wins face-off versus Derick Brassard in Blackhawks zone.
1:06 of 3rd period - Snap shot by Marek Svatos.
1:06 of 3rd period - Shot Misses the Net.
1:18 of 3rd period - Snap shot by Daniel Briere.
1:18 of 3rd period - Shot Misses the Net.
1:52 of 3rd period - Matt Moulson is hit by Ryan Johansen and loses puck.
2:09 of 3rd period - Wrist shot by Mike Green.
2:09 of 3rd period - Stopped by Jonathan Quick without a rebound.
2:10 of 3rd period - Daniel Briere wins face-off versus Derick Brassard in Nordiques zone.
2:33 of 3rd period - Minor Penalty to Daniel Briere for Holding.
2:34 of 3rd period - Derick Brassard wins face-off versus Marek Svatos in Nordiques zone.
2:39 of 3rd period - Snap shot by Antoine Roussel.
2:39 of 3rd period - Goal by Antoine Roussel - Blackhawks : 4 - Nordiques : 2.
2:40 of 3rd period - Daniel Briere wins face-off versus Derick Brassard in neutral zone.
3:30 of 3rd period - Slapshot by Kyle Calder.
3:30 of 3rd period - Stopped by Jimmy Howard without a rebound.
3:31 of 3rd period - Paul Gaustad wins face-off versus Ryan Johansen in Blackhawks zone.
3:34 of 3rd period - Wrist shot by Paul Gaustad.
3:34 of 3rd period - Stopped by Jimmy Howard with a rebound.
3:56 of 3rd period - Taylor Pyatt is hit by Michael Ryder.
4:08 of 3rd period - Snap shot by Spencer Machacek.
4:08 of 3rd period - Shot Misses the Net.
4:10 of 3rd period - Wrist shot by Dalton Prout.
4:10 of 3rd period - Shot Blocked by Dustin Byfuglien.
4:12 of 3rd period - Wrist shot by Spencer Machacek.
4:12 of 3rd period - Shot Misses the Net.
4:14 of 3rd period - Snap shot by Ryan Johansen.
4:14 of 3rd period - Stopped by Jonathan Quick with a rebound.
4:20 of 3rd period - Snap shot by Ryan Johansen.
4:20 of 3rd period - Stopped by Jonathan Quick with a rebound.
4:22 of 3rd period - Snap shot by Spencer Machacek.
4:22 of 3rd period - Stopped by Jonathan Quick with a rebound.
4:24 of 3rd period - Slapshot by Joni Pitkanen.
4:24 of 3rd period - Stopped by Jonathan Quick with a rebound.
5:04 of 3rd period - Snap shot by Nikolai Kulemin.
5:04 of 3rd period - Stopped by Jimmy Howard without a rebound.
5:05 of 3rd period - Daniel Briere wins face-off versus Derick Brassard in Blackhawks zone.
5:31 of 3rd period - Minor Penalty to Derick Brassard for Hooking.
5:32 of 3rd period - Kyle Brodziak wins face-off versus Daniel Briere in Blackhawks zone.
6:11 of 3rd period - Wrist shot by Tim Connolly.
6:11 of 3rd period - Shot Misses the Net.
6:13 of 3rd period - Slapshot by Ryan Ellis.
6:13 of 3rd period - Stopped by Jimmy Howard with a rebound.
6:29 of 3rd period - Daniel Briere is hit by Tomas Kaberle and loses puck.
7:31 of 3rd period - Penalty to Derick Brassard is over, Derick Brassard is back on ice.
7:35 of 3rd period - Slapshot by Joni Pitkanen.
7:35 of 3rd period - Stopped by Jonathan Quick without a rebound.
7:36 of 3rd period - Paul Gaustad wins face-off versus Peter Regin in Nordiques zone.
7:36 of 3rd period - Paul Gaustad is hit by Tyler Kennedy.
7:39 of 3rd period - Icing by Dustin Byfuglien.
7:40 of 3rd period - Peter Regin wins face-off versus Paul Gaustad in Nordiques zone.
8:15 of 3rd period - Wrist shot by Jean-Pierre Dumont.
8:15 of 3rd period - Shot Blocked by Joni Pitkanen.
8:48 of 3rd period - Wrist shot by Jean-Pierre Dumont.
8:48 of 3rd period - Stopped by Jimmy Howard with a rebound.
8:54 of 3rd period - Snap shot by Matt Moulson.
8:54 of 3rd period - Deflect By Mike Green.
8:54 of 3rd period - Goal by Matt Moulson - Blackhawks : 4 - Nordiques : 3.
8:55 of 3rd period - Derick Brassard wins face-off versus Daniel Briere in neutral zone.
9:00 of 3rd period - Slapshot by Denis Grebeshkov.
9:00 of 3rd period - Stopped by Jonathan Quick with a rebound.
9:20 of 3rd period - Vladimir Tarasenko is hit by Taylor Pyatt and loses puck.
9:42 of 3rd period - Icing by Ryan Ellis.
9:43 of 3rd period - Steve Ott wins face-off versus Rich Peverley in Nordiques zone.
9:46 of 3rd period - Snap shot by Jaden Schwartz.
9:46 of 3rd period - Shot Misses the Net.
10:07 of 3rd period - Rich Peverley is hit by Denis Grebeshkov and loses puck.
10:33 of 3rd period - Snap shot by Daniel Briere.
10:33 of 3rd period - Stopped by Jimmy Howard with a rebound.
10:35 of 3rd period - Wrist shot by R.J. Umberger.
10:35 of 3rd period - Shot Misses the Net.
10:37 of 3rd period - Slapshot by Dustin Byfuglien.
10:37 of 3rd period - Deflect By Ryan Johansen.
10:37 of 3rd period - Stopped by Jimmy Howard with a rebound.
10:39 of 3rd period - Wrist shot by R.J. Umberger.
10:39 of 3rd period - Stopped by Jimmy Howard with a rebound.
11:40 of 3rd period - Wrist shot by Daniel Briere.
11:40 of 3rd period - Stopped by Jimmy Howard without a rebound.
11:41 of 3rd period - Paul Gaustad wins face-off versus Ryan Johansen in Blackhawks zone.
11:44 of 3rd period - Snap shot by Jean-Pierre Dumont.
11:44 of 3rd period - Stopped by Jimmy Howard without a rebound.
11:45 of 3rd period - Paul Gaustad wins face-off versus Ryan Johansen in Blackhawks zone.
11:46 of 3rd period - Snap shot by Matt Moulson.
11:46 of 3rd period - Deflect By Jean-Pierre Dumont.
11:46 of 3rd period - Goal by Jean-Pierre Dumont - Blackhawks : 4 - Nordiques : 4.
11:47 of 3rd period - Derick Brassard wins face-off versus Daniel Briere in neutral zone.
11:50 of 3rd period - Snap shot by Chad Larose.
11:50 of 3rd period - Shot Hit the Post.
12:00 of 3rd period - Slapshot by Marek Svatos.
12:00 of 3rd period - Shot Misses the Net.
12:02 of 3rd period - Snap shot by R.J. Umberger.
12:02 of 3rd period - Shot Misses the Net.
12:57 of 3rd period - Tomas Kaberle is hit by Daniel Briere and loses puck.
13:12 of 3rd period - Michael Ryder is hit by Tomas Fleischmann and loses puck.
13:17 of 3rd period - Wrist shot by Peter Regin.
13:17 of 3rd period - Shot Misses the Net.
14:00 of 3rd period - Jean-Pierre Dumont is hit by Chad Larose and loses puck.
14:25 of 3rd period - Snap shot by Daniel Briere.
14:25 of 3rd period - Stopped by Jimmy Howard without a rebound.
14:26 of 3rd period - Steve Ott wins face-off versus Daniel Briere in Blackhawks zone.
14:26 of 3rd period - Steve Ott is hit by T.J. Fast.
14:48 of 3rd period - Wrist shot by Vladimir Tarasenko.
14:48 of 3rd period - Shot Blocked by Tomas Kaberle.
14:54 of 3rd period - Wrist shot by Vladimir Tarasenko.
14:54 of 3rd period - Stopped by Jimmy Howard with a rebound.
15:10 of 3rd period - Snap shot by Ryan Johansen.
15:10 of 3rd period - Deflect By Dustin Byfuglien.
15:10 of 3rd period - Shot Misses the Net.
15:10 of 3rd period - Puck is out of play.
15:11 of 3rd period - Paul Gaustad wins face-off versus Ryan Johansen in Nordiques zone.
15:25 of 3rd period - Snap shot by Matt Moulson.
15:25 of 3rd period - Shot Misses the Net.
16:23 of 3rd period - Rich Peverley is hit by Tyler Kennedy and loses puck.
16:30 of 3rd period - Tomas Fleischmann is hit by Dustin Byfuglien and loses puck.
17:08 of 3rd period - Minor Penalty to Paul Gaustad for Hooking.
17:09 of 3rd period - Derick Brassard wins face-off versus Marek Svatos in Nordiques zone.
17:11 of 3rd period - Wrist shot by Derick Brassard.
17:11 of 3rd period - Shot Blocked by Ryan Ellis.
18:33 of 3rd period - Wrist shot by Antoine Roussel.
18:33 of 3rd period - Shot Misses the Net.
18:43 of 3rd period - Wrist shot by Derick Brassard.
18:43 of 3rd period - Deflect By Antoine Roussel.
18:43 of 3rd period - Stopped by Jonathan Quick with a rebound.
18:45 of 3rd period - Wrist shot by Chad Larose.
18:45 of 3rd period - Stopped by Jonathan Quick with a rebound.
18:47 of 3rd period - Slapshot by Joni Pitkanen.
18:47 of 3rd period - Stopped by Jonathan Quick without a rebound.
18:48 of 3rd period - Marek Svatos wins face-off versus Peter Regin in Nordiques zone.
19:08 of 3rd period - Penalty to Paul Gaustad is over, Paul Gaustad is back on ice.
19:51 of 3rd period - Dalton Prout is hit by Marek Svatos and loses puck.
Goals for this period are 1 for Blackhawks vs 2 for Nordiques.
Shots for this period are 11 for Blackhawks vs 16 for Nordiques.
Overtime #1
0:01 of 1st overtime period - Derick Brassard wins face-off versus Daniel Briere in neutral zone.
2:14 of 1st overtime period - Slapshot by Ryan Ellis.
2:14 of 1st overtime period - Stopped by Jimmy Howard with a rebound.
2:18 of 1st overtime period - Snap shot by Marek Svatos.
2:18 of 1st overtime period - Shot Misses the Net.
2:20 of 1st overtime period - Wrist shot by Kyle Calder.
2:20 of 1st overtime period - Stopped by Jimmy Howard without a rebound.
2:21 of 1st overtime period - Derick Brassard wins face-off versus Daniel Briere in Blackhawks zone.
2:35 of 1st overtime period - Icing by Mark Eaton.
2:36 of 1st overtime period - Daniel Briere wins face-off versus Derick Brassard in Nordiques zone.
3:25 of 1st overtime period - Slapshot by Kyle Brodziak.
3:25 of 1st overtime period - Shot Misses the Net.
3:27 of 1st overtime period - Slapshot by Taylor Pyatt.
3:27 of 1st overtime period - Stopped by Jonathan Quick without a rebound.
3:28 of 1st overtime period - R.J. Umberger wins face-off versus Kyle Brodziak in Nordiques zone.
4:17 of 1st overtime period - Tomas Kaberle is hit by R.J. Umberger and loses puck.
Goals for this period are 0 for Blackhawks vs 0 for Nordiques.
Shots for this period are 1 for Blackhawks vs 2 for Nordiques.
ShootOut
5:00 of 1st overtime period - Penalty Shot by Derick Brassard for Blackhawks.
5:00 of 1st overtime period - Deke by Derick Brassard.
5:00 of 1st overtime period - Stopped by Jonathan Quick.
5:00 of 1st overtime period - Penalty Shot by Marek Svatos for Nordiques.
5:00 of 1st overtime period - Wrist shot by Marek Svatos.
5:00 of 1st overtime period - Shot Misses the Net.
5:00 of 1st overtime period - Penalty Shot by Antoine Roussel for Blackhawks.
5:00 of 1st overtime period - Deke by Antoine Roussel.
5:00 of 1st overtime period - Stopped by Jonathan Quick.
5:00 of 1st overtime period - Penalty Shot by Tim Connolly for Nordiques.
5:00 of 1st overtime period - Wrist shot by Tim Connolly.
5:00 of 1st overtime period - Goal by Tim Connolly.
5:00 of 1st overtime period - Penalty Shot by Peter Regin for Blackhawks.
5:00 of 1st overtime period - Wrist shot by Peter Regin.
5:00 of 1st overtime period - Stopped by Jonathan Quick.
Back to the Top